 Dungeon Crawl Stone Soup version 0.28-a0-233-gb8ca4b6547 (webtiles) character file.

Game seed: 11051651674349650201

29 Spaninq the Bolt Thrower (level 3, 0/28 HPs)
             Began as a Formicid Hunter on Aug 22, 2021.
             Slain by a kobold (5 damage)
             ... on level 1 of the Dungeon.
             The game lasted 00:04:01 (1299 turns).

Spaninq the Bolt Thrower (Formicid Hunter)          Turns: 1299, Time: 00:04:01

Health: 0/28       AC:  3    Str: 17    XL:     3   Next: 32%
Magic:  3/3        EV: 11    Int: 10    God:
Gold:   19         SH:  0    Dex: 11    Spells: 2/2 levels left

rFire   . . .      SeeInvis +   e - +0 long sword
rCold   . . .      Faith    .   (no shield)
rNeg    . . .      Spirit   .   c - +0 leather armour
rPois   .          Reflect  .   (helmet unavailable)
rElec   .          Harm     .   (no cloak)
rCorr   .          Rampage  .   (no gloves)
Will    .....                   (no boots)
Stlth   +.........              (no amulet)
HPRegen 0.09/turn               (no ring)
MPRegen 0.08/turn               (no ring)

@: no status effects
A: permanent stasis, dig shafts and tunnels, antennae 3, four strong arms
a: Dig, Shaft Self


You were on level 1 of the Dungeon.
You visited 1 branch of the dungeon, and saw 1 of its levels.

You collected 19 gold pieces.

Inventory:

Hand Weapons
 a - a +1 hand crossbow
 e - a +0 long sword (weapon)
Missiles
 d - 19 bolts
Armour
 c - a +0 leather armour (worn)
Scrolls
 g - a scroll of amnesia {unknown}
Potions
 b - a potion of heal wounds {unknown}
 f - a potion of flight {unknown}
 h - a potion of curing {unknown}


   Skills:
 + Level 2.8 Fighting
 * Level 4.7 Crossbows
 - Level 1.7 Dodging
 - Level 1.2 Stealth


You had 2 spell levels left.
You didn't know any spells.
Your spell library contained the following spells:

 Spells                   Type           Power      Damage    Failure   Level
 Apportation              Tloc           0%         N/A       43%         1
 Alistair's Intoxication  Tmut/Pois      0%         N/A       100%        5
 Invisibility             Hex            0%         N/A       100%        6


Dungeon Overview and Level Annotations

Branches:
Dungeon (1/15)

Altars:


Innate Abilities, Weirdness & Mutations

You cannot be hasted, slowed, berserked, paralysed or teleported.
You can dig through walls and to a lower floor.
You have a pair of large antennae on your head. (SInv)
Your four strong arms can wield two-handed weapons with a shield.


Message History

You kill the bat!
Found a stone staircase leading down.
Found a dagger.
A kobold comes into view. It is wielding a +0 spear.
The kobold shouts!
The kobold misses you. The kobold closely misses you.
You riposte.
You closely miss the kobold. You closely miss the kobold.
The kobold hits you but does no damage.
You closely miss the kobold. The kobold hits you with a +0 spear.
You hit the kobold but do no damage. The kobold hits you but does no damage.
The kobold hits you with a +0 spear.
You closely miss the kobold. The kobold hits you with a +0 spear.
You barely miss the kobold. The kobold barely misses you.
The kobold hits you but does no damage.
You hit the kobold but do no damage. The kobold closely misses you.
You hit the kobold.
The kobold is severely wounded.
The kobold hits you but does no damage.
You closely miss the kobold.
The kobold is severely wounded.
The kobold hits you with a +0 spear. The kobold hits you but does no damage.
You hit the kobold but do no damage.
The kobold is severely wounded.
The kobold hits you with a +0 spear.
You hit the kobold but do no damage.
The kobold is severely wounded.
The kobold closely misses you.
You riposte.
You hit the kobold but do no damage.
The kobold is severely wounded.
The kobold misses you.
You riposte.
You barely miss the kobold.
The kobold is severely wounded.
You hit the kobold but do no damage.
The kobold is severely wounded.
The kobold hits you with a +0 spear.
You hit the kobold but do no damage.
The kobold is severely wounded.
The kobold hits you with a +0 spear.
* * * LOW HITPOINT WARNING * * *
The kobold hits you from afar with a +0 spear.
You die...

### #.. #)# #.#
#K# #.#
########### #@#
#.......... #.#
#.#........ #.#
##>........# #.#
#..#.....#..
#.#####.##.......#
#........#.##..#..
#######..#.###.†.#
#..#.# #.#..
#..#.###...#


You could see a kobold.

Vanquished Creatures
  A dart slug (D:1)
  2 ball pythons (D:1)
  5 endoplasms (D:1)
  A giant cockroach (D:1)
  3 hobgoblins (D:1)
  A quokka (D:1)
  4 bats (D:1)
  5 goblins (D:1)
  2 rats (D:1)
24 creatures vanquished.

Notes
Turn   | Place    | Note
-------+----------+-------------------------------------------
     0 | D:1      | Spaninq the Formicid Hunter began the quest for the Orb.
     0 | D:1      | Reached XP level 1. HP: 16/16 MP: 1/1
     0 | D:1      | Noticed a white draconian
     1 | D:1      | Noticed a shadow dragon
     5 | D:1      | Noticed an orb of fire
     7 | D:1      | Noticed an orb of fire
    10 | D:1      | Noticed a black draconian
    11 | D:1      | Noticed a large abomination
    13 | D:1      | Noticed a shadow dragon
    15 | D:1      | Noticed an orb of fire
    15 | D:1      | Noticed a shadow dragon
    17 | D:1      | Noticed an iron dragon
    21 | D:1      | Noticed an ice dragon
    21 | D:1      | Noticed an iron dragon
    23 | D:1      | Noticed a yellow draconian
   157 | D:1      | Reached XP level 2. HP: 10/23 MP: 2/2
   670 | D:1      | Reached XP level 3. HP: 25/28 MP: 3/3
  1299 | D:1      | Slain by a kobold

Illustrated notes

Levels and vault maps discovered:
D:1:      shiori_arrival_whats_in_store_for_you, layout_basic,
          hellmonk_ecumenical_altar_slurped_away, minmay_misc_feat_pillars

Action                   || total
-------------------------++-------
Melee: Long sword        ||    71
 Fire: Hand crossbow     ||     7
 Stab: Sleeping          ||     2
Armor: Leather armour    ||    23
Dodge: Dodged            ||    50
       Rpst.: Long sword ||    22

Table legend: (Time is in decaauts)
 A = Elapsed time spent in this place.
 B = Non-inter-level travel time spent in this place.
 C = Inter-level travel time spent in this place.
 D = Time resting spent in this place.
 E = Time spent auto-exploring this place.
 F = Levels seen in this place.
 G = Mean time per level.
                   A        B        C        D        E       F      G
               +--------+--------+--------+--------+--------+-----+--------+
         Total |   1328 |   1328 |      0 |    268 |    570 |   1 | 1328.0 |
       Dungeon |   1328 |   1328 |      0 |    268 |    570 |   1 | 1328.0 |
               +--------+--------+--------+--------+--------+-----+--------+

Top non-repeatable levels by time:
     D:1: 1328 daAuts
